 Dungeon Crawl Stone Soup version 0.14-a0-2691-g997c442 (webtiles) character file.

284 Psiweapon the Vexing (level 5, -3/35 HPs)
             Began as a Vampire Enchanter on Feb 18, 2014.
             Slain by a soldier ant (13 damage)
             ... on Level 4 of the Dungeon.
             The game lasted 00:14:26 (3554 turns).

Psiweapon the Vexing (Vampire Enchanter)            Turns: 3554, Time: 00:14:26

HP  -3/35        AC  4     Str  8      XL: 5   Next:  2%
MP   1/9         EV 13     Int 17      God:
Gold 144         SH  0     Dex 14      Spells:  3 memorised,  3 levels left

rFire  . . .     SeeInvis +     b - +2 elf short sword (venom)
rCold  + + .     Clarity  .     q - +1 robe
rNeg   + + .     Conserve .     (no shield)
rPois  +         rCorr    .     j - +0 helmet
rElec  .         rRot     +     (no cloak)
SustAb . .       Spirit   .     (no gloves)
rMut   .         Warding  .     (no boots)
Saprov . . .     Stasis   .     (no amulet)
MR     .....                    (no ring)
                                t - ring of protection from cold {unknown}

@: regenerating slowly, mildly poisoned, very slightly contaminated, bonded with
blade, not resistant to hostile enchantments, quite stealthy
A: fangs 3, see invisible, unbreathing
a: Bat Form


You were on level 4 of the Dungeon.
You were very thirsty.

You visited 1 branch of the dungeon, and saw 4 of its levels.

You collected 144 gold pieces.

Inventory:

Hand weapons
 a - a +1,+1 dagger
 b - a +2,+2 elven short sword of venom (weapon)
 e - a +0 blowgun
Missiles
 d - 20 darts (quivered)
 f - 15 sling bullets of flame
 g - 21 stones
 o - 28 sling bullets
 u - 5 tomahawks
 x - 10 poisoned needles
Armour
 j - a +0 helmet (worn)
 q - a +1 robe (worn)
Magical devices
 y - a wand of polymorph (14)
Scrolls
 h - 4 scrolls of identify
 k - a scroll of teleportation
 m - 3 scrolls of remove curse
 r - a scroll of amnesia {unknown}
 s - 2 scrolls of immolation {unknown}
 v - a scroll of fear {unknown}
Jewellery
 t - a ring of protection from cold (left hand) {unknown}
Potions
 i - 3 potions of curing {unknown}
 l - 2 potions of agility {unknown}
 n - 2 potions of heal wounds {unknown}
 p - a potion of mutation {unknown}
 w - a potion of brilliance {unknown}
Books
 c - a book of Maledictions

   Spells                             Type                      Level
   *Corona                            Hexes                        1
   *Sure Blade                        Hexes/Charms                 2
   *Ensorcelled Hibernation           Hexes/Ice                    2
   Confuse                            Hexes                        3
   Enslavement                        Hexes                        4
   Invisibility                       Hexes                        6


   Skills:
 + Level 2.5 Short Blades
 - Level 0.7 Throwing
 + Level 3.5 Dodging
 + Level 4.5 Stealth
 - Level 2.0 Spellcasting
 + Level 5.8 Hexes


You had 3 spell levels left.
You knew the following spells:

 Your Spells              Type           Power        Failure   Level  Hunger
a - Corona                Hex            ###....      1%          1    #......
b - Ensorcelled Hibernat  Hex/Ice        ##....       12%         2    ###....
c - Sure Blade            Hex/Chrm       ##........   12%         2    ###....


Dungeon Overview and Level Annotations

Branches:
Dungeon (4/16)
 Temple: D:4-7

Altars:

Annotations:
D:3 1 exclusion


Innate Abilities, Weirdness & Mutations

You heal slowly.
You have razor-sharp teeth.*
You have supernaturally acute eyesight.
You can survive without breathing.*


Message History

It begins to drip with poison!
b - a +2,+2 elven short sword of venom (weapon)
The soldier ant stings you!
You are poisoned.
The soldier ant poisons you!
Casting: Ensorcelled Hibernation
Confirm with . or Enter, or press ? or * to list all spells.
You become one with your weapon.
The soldier ant stops glowing.
The soldier ant stings you!
* * * LOW HITPOINT WARNING * * *
You are more poisoned.
The soldier ant poisons you!
You hit the soldier ant.
The soldier ant is lightly wounded.
The soldier ant barely misses you.
You hit the soldier ant but do no damage.
The soldier ant is poisoned.
The soldier ant is lightly wounded.
The soldier ant stings you!
You die...

. ## ....#.
....#.###############
......).(((.a@.......#
.$......)....#####.###
#..#.............#
#................
#.......#.###.###
#..........##.#
..##...<........#
#..............#.#
.##....##.....#


You could see a soldier ant.

Vanquished Creatures
  A worker ant (D:4)
  A worker ant zombie (D:3)
  5 adders
  An adder zombie (D:3)
  An adder skeleton (D:4)
  A giant gecko (D:2)
  An ooze (D:1)
  3 bats
  6 giant cockroaches
  3 hobgoblins
  A quokka (D:3)
  2 ball pythons
  9 goblins
  2 jackals (D:4)
  10 kobolds
  A rat (D:1)
48 creatures vanquished.

Notes
Turn   | Place    | Note
--------------------------------------------------------------
     0 | D:1      | Psiweapon, the Vampire Enchanter, began the quest for the Orb.
     0 | D:1      | Reached XP level 1. HP: 13/13 MP: 3/3
   440 | D:1      | Reached XP level 2. HP: 19/19 MP: 2/4
   568 | D:1      | Learned a level 2 spell: Ensorcelled Hibernation
   602 | D:2      | Reached skill level 5 in Hexes
  1212 | D:4      | Reached XP level 3. HP: 10/24 MP: 6/6
  1462 | D:4      | Noticed an ogre
  2327 | D:2      | Reached XP level 4. HP: 18/30 MP: 7/7
  2331 | D:2      | Learned a level 2 spell: Sure Blade
  3456 | D:4      | Reached XP level 5. HP: 32/35 MP: 3/9
  3541 | D:4      | Noticed a soldier ant
  3541 | D:4      | an ogre changed into a soldier ant
  3554 | D:4      | Slain by a soldier ant

Action                   |  1- 3 |  4- 6 || total
-------------------------+-------+-------++-------
Melee: Dagger            |    36 |       ||    36
       Short sword       |    62 |    34 ||    96
Throw: Dart              |    32 |     3 ||    35
 Cast: Corona            |     9 |     4 ||    13
       Ensorcelled Hiber |     7 |     4 ||    11
       Sure Blade        |       |     6 ||     6
 Abil: End Transformatio |       |     1 ||     1
       Bat Form          |       |     1 ||     1
Evoke: Wand              |       |     1 ||     1
  Use: Scroll            |     2 |       ||     2
 Stab: Sleeping          |    13 |     3 ||    16
